 Dungeon Crawl Stone Soup version 0.14-a0-1330-g3eed206 (webtiles) character file.

705 Chiseanne the Charlatan (level 6, -11/52 HPs)
             Began as a Djinni Artificer on Dec 6, 2013.
             Was a Believer of Nemelex Xobeh.
             Mangled by an orc warrior
             ... wielding a -1,+0 orcish trident
              (12 damage)
             ... on Level 4 of the Dungeon.
             The game lasted 00:16:37 (4290 turns).

Chiseanne the Charlatan (Djinni Artificer)          Turns: 4290, Time: 00:16:37

HP -11/52        AC 13     Str 11 (14) XL: 6   Next: 88%
MP   0/0         EV 10     Int 12      God: Nemelex Xobeh [**....]
Gold 220         SH  0     Dex 18      Spells:  0 memorised,  5 levels left

rFire  + + +     SeeInvis .     m - +1,+2 dwarf hand axe
rCold  x . .     Clarity  .     k - +1 dwarf chain mail (curse)
rNeg   + + +     Conserve .     (no shield)
rPois  .         rCorr    .     a - +0 spiked helmet
rElec  .         rRot     .     x - +0 cloak
SustAb . .       Spirit   .     (no gloves)
rMut   .         Warding  .     (boots unavailable)
Saprov . . .     Stasis   .     (no amulet)
                                (no ring)
                                (no ring)

@: agile, flying, slightly resistant to hostile enchantments, extremely
unstealthy
A: fire immunity, cold vulnerability, life protection 3
a: Draw One, Peek at Two, Renounce Religion


You were on level 4 of the Dungeon.
You worshipped Nemelex Xobeh.
Nemelex Xobeh was pleased with you.
You were not hungry.

You visited 2 branches of the dungeon, and saw 5 of its levels.

You collected 220 gold pieces.

Inventory:

Hand weapons
 e - a +4,+4 orcish dagger
 m - a +1,+2 dwarven hand axe (weapon)
Armour
 a - a +0 spiked helmet (worn)
 k - a cursed +1 dwarven chain mail (worn)
 n - a cursed +0 robe
 x - a +0 cloak (worn)
Magical devices
 b - a wand of flame (1)
 c - a wand of enslavement (10)
Comestibles
 d - an orange
Scrolls
 f - a scroll of remove curse {unknown}
 l - 2 scrolls of magic mapping {unknown}
 p - 2 scrolls of noise {unknown}
 t - 2 scrolls of teleportation {unknown}
 v - a scroll of amnesia {unknown}
 y - 3 scrolls of identify {unknown}
 A - a scroll of curse weapon {unknown}
Potions
 w - a potion of restore abilities
Miscellaneous
 g - a plain deck of destruction {drawn: 7} {god gift}
 B - a plain deck of destruction {god gift}


   Skills:
 * Level 2.4 Fighting
 - Level 0.7 Short Blades
 * Level 1.9 Axes
 * Level 3.5 Armour
 * Level 4.0 Dodging
 - Level 0.7 Stealth
 * Level 5.1 Evocations


You had 5 spell levels left.
You didn't know any spells.

Dungeon Overview and Level Annotations

Branches:
Dungeon (4/16)             Temple (1/1) D:4

Altars:
Ashenzari
Elyvilon
Fedhas
Kikubaaqudgha
Makhleb
Nemelex Xobeh
Okawaru
Sif Muna
Trog
Xom
Yredelemnul
Zin


Innate Abilities, Weirdness & Mutations

You are immune to all types of fire, even holy and hellish.
You are vulnerable to cold.
You need no food.
You have no legs.
You are immune to negative energy.


Message History

Press: ? - help, Shift-Dir - straight line, f/p - orc warrior
Aim: an orc warrior, wielding an orcish trident and wearing an orcish plate armour (almost dead)
The acid misses the orc warrior.
The orc warrior hits you from afar with an orcish trident!
* * * LOW HITPOINT WARNING * * *
Use which ability? (? or * to list)
You haven't enough essence at the moment.
There are no items here.
Unknown command.
Drink which item? (? for menu, Esc to quit)
You feel agile all of a sudden.
It was a potion of agility.
The orc warrior hits you but does no damage.
Drink which item? (? for menu, Esc to quit)
There was something very wrong with that liquid!
You feel weakened.
It was a potion of degeneration.
The orc warrior hits you from afar with an orcish trident!
You die...
Your body disappears without a glow.

#.## #....#########.##.##
###.#####.####.##.#..#.#..#######
.#......##..#.#..#........#.#....
.#...#.###....##.#..........#.8.8
#.....#........#####......#....⌠.
#....#.#........#.#.....##..#.8.>
....#..........#.......#.##....⌠.
...#...........#..........#.#.8.8
...............h@................
................................#
.................o..............#
......###......###..............#
.....## ##....## ##............#.
.....# #....# #..............
.....## #....## #..............
......###......###..........
...................(.......


You could see an orc warrior and a hound.

Vanquished Creatures
  A hound (D:4)
  3 orc wizards
  3 iguanas (D:4)
  2 worker ants (D:4)
  Ijyb (D:2)
  Terence (D:2)
  9 adders
  A giant mite (D:3)
  2 giant geckos
  5 orcs
  7 giant cockroaches
  8 hobgoblins
  5 jackals
  5 kobolds
  3 quokkas
  3 ball pythons
  9 bats
  3 giant newts
  11 goblins
  8 rats
90 creatures vanquished.

Vanquished Creatures (collateral kills)
  A hound (D:4)
  4 orcs (D:4)
  A hobgoblin (D:4)
  A quokka (D:4)
  A kobold (D:4)
8 creatures vanquished.

Grand Total: 98 creatures vanquished

Notes
Turn   | Place    | Note
--------------------------------------------------------------
     0 | D:1      | Chiseanne, the Djinni Artificer, began the quest for the Orb.
     0 | D:1      | Reached XP level 1. HP: 13/13 MP: 0/0
    13 | D:1      | Reached skill level 1 in Fighting
   188 | D:1      | Reached XP level 2. EP: 19/21
   664 | D:2      | Reached skill level 4 in Evocations
   818 | D:2      | Noticed Ijyb
   860 | D:2      | Killed Ijyb
   860 | D:2      | Reached XP level 3. EP: 28/28
   873 | D:2      | Reached skill level 1 in Armour
  1011 | D:2      | Reached XP level 4. EP: 35/35
  1112 | D:2      | Noticed Terence
  1115 | D:2      | Killed Terence
  1635 | D:3      | Found a blossoming altar of Fedhas.
  1815 | D:3      | Reached XP level 5. EP: 41/41
  2022 | D:3      | Reached skill level 1 in Axes
  2204 | D:3      | Found a deep blue altar of Sif Muna.
  2279 | D:4      | Found a staircase to the Ecumenical Temple.
  2342 | D:4      | Reached XP level 6. EP: 29/49
  2347 | Temple   | Entered the Ecumenical Temple
  2516 | Temple   | Became a worshipper of Nemelex Xobeh
  2553 | D:4      | Received a gift from Nemelex Xobeh
  2777 | D:3      | Acquired Nemelex Xobeh's first power
  3458 | D:4      | Reached skill level 5 in Evocations
  3462 | D:4      | Acquired Nemelex Xobeh's second power
  3770 | D:4      | Noticed an orc warrior
  3809 | D:4      | HP: 1/50 [orc warrior/orcish trident (12)]
  4267 | D:4      | Received a gift from Nemelex Xobeh
  4288 | D:4      | HP: 1/52 [orc warrior/orcish trident (13)]
  4290 | D:4      | Mangled by an orc warrior

Action                   |  1- 3 |  4- 6 || total
-------------------------+-------+-------++-------
Melee: Short sword       |    75 |       ||    75
       Hand axe          |    61 |   263 ||   324
Invok: Draw One          |       |     7 ||     7
Evoke: Wand              |     3 |    31 ||    34
  Use: Potion            |       |     9 ||     9
 Stab: Paralysed         |       |     7 ||     7
       Distracted        |       |     1 ||     1
